 Dungeon Crawl Stone Soup version 0.27.0-1-g7a089689b8 (webtiles) character file.

Game seed: 3404631028284490652

29 SnakkuSnakku7 the Skirmisher (level 3, 29/29 HPs)
             Began as a Demonspawn Berserker on Aug 11, 2021.
             Was a Believer of Trog.
             Got out of the dungeon alive.
             The game lasted 00:01:18 (743 turns).

SnakkuSnakku7 the Skirmisher (Demonspawn Berserker)  Turns: 743, Time: 00:01:19

Health: 29/29      AC:  2    Str: 18    XL:     3   Next: 1%
Magic:  3/3        EV: 16    Int:  8    God:    Trog [**....]
Gold:   31         SH:  0    Dex: 12    Spells: 2/2 levels left

rFire    . . .     SeeInvis .   a - +0 mace
rCold    . . .     Faith    .   (no shield)
rNeg     . . .     Spirit   .   b - +0 animal skin
rPois    .         Reflect  .   (no helmet)
rElec    .         Harm     .   (no cloak)
rCorr    .         Rampage  .   (no gloves)
Will     .....                  (no boots)
Stlth    +.........             (no amulet)
HPRegen  0.09/turn              e - +4 ring of evasion
MPRegen  0.16/turn              (no ring)

@: no status effects
A: claws 1, magic regeneration
a: Renounce Religion, Berserk, Trog's Hand


You escaped.
You worshipped Trog.
Trog was pleased with you.
You visited 1 branch of the dungeon, and saw 1 of its levels.

You collected 31 gold pieces.

Inventory:

Hand Weapons
 a - a +0 mace (weapon)
Armour
 b - a +0 animal skin (worn)
 f - a +0 kite shield
Jewellery
 e - a +4 ring of evasion (left claw)
Scrolls
 d - a scroll of noise {unknown}
 i - a scroll of teleportation {unknown}
Potions
 c - a potion of lignification {unknown}
 g - a potion of degeneration {unknown}
 h - a potion of invisibility {unknown}


   Skills:
 - Level 3.4 Fighting
 + Level 3.3 Maces & Flails
 - Level 1.7 Armour
 - Level 1.7 Dodging
 + Level 0.6 Shields


You had 2 spell levels left.
You didn't know any spells.
Your spell library was empty.

Dungeon Overview and Level Annotations

Branches:
Dungeon (1/15)

Altars:


Innate Abilities, Weirdness & Mutations

You have sharp fingernails.
You regenerate magic rapidly.


Message History

You see here a +0 club.
A giant cockroach comes into view.
You see here a +0 club.
A giant cockroach is nearby!
You hit the giant cockroach but do no damage.
The giant cockroach barely misses you.
You hit the giant cockroach.
The giant cockroach is lightly wounded.
The giant cockroach misses you.
You hit the giant cockroach but do no damage.
The giant cockroach is lightly wounded.
The giant cockroach bites you. The giant cockroach misses you.
You closely miss the giant cockroach.
The giant cockroach is lightly wounded.
The giant cockroach completely misses you.
You barely miss the giant cockroach.
The giant cockroach is lightly wounded.
The giant cockroach barely misses you. The giant cockroach closely misses you.
You hit the giant cockroach.
The giant cockroach is heavily wounded.
The giant cockroach closely misses you.
You hit the giant cockroach.
You kill the giant cockroach!
Trog accepts your kill.
You have reached level 3!
Your experience leads to an increase in your attributes!
Increase (S)trength, (I)ntelligence, or (D)exterity?
You feel stronger.
Your demonic ancestry asserts itself...
Your fingernails lengthen.
You see here a giant cockroach corpse.
There is a faded altar of an unknown god here.
Found two stone staircases leading down.
There is a stone staircase leading down here.
There is an escape hatch in the floor here.
You see here 15 stones.
Done exploring.
Unknown command.
There is a staircase leading out of the dungeon here.
Are you sure you want to leave the Dungeon?
This will make you lose the game!
You have escaped!

#..#####.#######.#
#######...##...# #.##
##...#........#.#######...
#####......♣♣.♣♣....##......#.
#........♣♣♣♣.♣♣♣♣.....######.
##.###.>.♣♣♣♣∩.∩♣♣♣♣.⌠..# #.
##.#.###..♣♣∩.....∩♣♣....# #.
##.###....♣♣∩..♣♣♣..∩♣♣...######.
#.## ##.#.♣♣∩...@...∩♣♣..........
.## ##..♣♣∩..♣♣♣..∩♣♣.....#####
#.#####.#..♣♣∩.....∩♣♣..#.###
#.......#>.♣♣.♣∩∩∩.♣♣♣.⌠#.#
#.#.#.........♣♣♣♣♣.♣..##.#
#.##.##.####..♣♣♣♣♣..#.##.#######
#.##.............................
#.#####.####.##......####..######
#.#####.####.######### ##.# #


There were no monsters in sight!

Vanquished Creatures
  2 dart slugs (D:1)
  A ball python (D:1)
  2 endoplasms (D:1)
  A giant cockroach (D:1)
  3 goblins (D:1)
  4 jackals (D:1)
  A quokka (D:1)
  A bat (D:1)
  3 frilled lizards (D:1)
  6 rats (D:1)
24 creatures vanquished.

Notes
Turn   | Place    | Note
-------+----------+-------------------------------------------
     0 | D:1      | SnakkuSnakku7 the Demonspawn Berserker began the quest for
                  | the Orb.
     0 | D:1      | Reached XP level 1. HP: 18/18 MP: 1/1
    92 | D:1      | Gained mutation: You regenerate magic rapidly. [demonic
                  | ancestry]
    92 | D:1      | Reached XP level 2. HP: 11/24 MP: 2/2
   381 | D:1      | Found a faded altar of an unknown god.
   453 | D:1      | Reached ** piety under Trog
   522 | D:1      | Gained mutation: You have sharp fingernails. [demonic
                  | ancestry]
   522 | D:1      | Reached XP level 3. HP: 22/29 MP: 3/3
   743 | D:$      | Got out of the dungeon alive.

Illustrated notes

Levels and vault maps discovered:
D:1:      heliophobic_arrival_henge, layout_loops_ring, basic_ecumenical_altar

Skill      XL: |  1 |
---------------+----+-----
Maces & Flails | 3 |  3.3
Fighting       | |  3.4
Armour         | |  1.7
Dodging        | |  1.7
Shields        | |  0.6

Action                   || total
-------------------------++-------
Melee: Mace              ||    97
Armor: Animal skin       ||    15
Dodge: Dodged            ||   103
